AoeStats
← Yoshi [ Paladin ]

Nomad

510036218Analyzed
4v4 RM · 2d ago on Sep 29, 2026· 19m 47s· 8 players
Game mode
Random Map
Map size
231×231
Population
200
Speed
Normal
Resources
Standard
Victory
Conquest
Starting age
Dark Age
Ending age
Imperial Age
RankedLock teamsTeams togetherTeam positionsShared explorationLock speedFull tech treeHidden civsTurbo modeCheats
Victory
Defeat
🇨🇴 Varangians · Colombia
1185
+16
🇨🇴 Vietnamese · Colombia
1154
+17
🇨🇴 Huns · Colombia
1144
+18
🇨🇴 Malay · Colombia
1144
+18
🇦🇷 Varangians · Argentina
1252
-21
🇭🇰 Spanish · Hong Kong SAR China
1189
-17
🇨🇳 Huns · China
1181
-17
🇰🇷 Persians · South Korea
1116
-14
Sir Toad
11:00 Loom
15:19 Feudal Age
15:38 Man-at-Arms
21:57 Castle Age
19:55 Double-Bit Axe
Yoshi [ Paladin ]
6:04 Loom
16:00 Feudal Age
16:29 Double-Bit Axe
19:07 Town Watch
19:04 Horse Collar
Richi_Escarlata
4:39 Loom
13:55 Feudal Age
19:09 Town Watch
21:25 Castle Age
22:03 Castle Age
Bullfrog_III
11:18 Loom
14:05 Feudal Age
14:44 Double-Bit Axe
14:53 Town Watch
15:54 Scale Barding Armor
16:47 Horse Collar
Sophie_J
5:54 Loom
14:34 Feudal Age
Popeye
3:28 Loom
14:37 Feudal Age
16:05 Fishing Lines
Hyacine
13:36 Feudal Age
17:10 Castle Age
15:24 Stone Mining
16:34 Double-Bit Axe
16:33 Horse Collar
16:52 Gold Mining
18:19 Bow Saw
Zarathustra
5:03 Loom
14:25 Feudal Age
15:14 Double-Bit Axe
21:24 Castle Age
19:15 Fishing Lines
Connection lost

Rejoining the realm…

Still unreachable

The connection could not be restored.

Session expired

The server has moved on; the page needs a fresh start.